 Dungeon Crawl Stone Soup version 0.29-a0-872-g797fff5ad1 (webtiles) character file.

Game seed: 13121488403530809994

549 jimonade the Covert (level 7, -2/41 HPs)
             Began as a Kobold Brigand on July 19, 2022.
             Slain by a gnoll bouda
             ... wielding a +0 whip
              (11 damage)
             ... on level 4 of the Dungeon.
             The game lasted 00:07:51 (5493 turns).

jimonade the Covert (Kobold Brigand)                Turns: 5493, Time: 00:07:51

Health: -2/41      AC:  6    Str:  8    XL:     7   Next: 54%
Magic:  7/7        EV: 15    Int: 13    God:
Gold:   176        SH:  0    Dex: 18    Spells: 6/6 levels left

rFire   + . .      SeeInvis .   z - +0 short sword (elec)
rCold   . . .      Faith    .   (no shield)
rNeg    . . .      Spirit   .   b - +0 robe
rPois   .          Reflect  .   (no helmet)
rElec   .          Harm     .   c - +0 cloak
rCorr   .          Rampage  .   D - +1 pair of gloves {hurl}
Will    .....                   p - +0 pair of boots
Stlth   ++++++....              (no amulet)
HPRegen 0.13/turn               g - ring of flight
MPRegen 0.10/turn               B - ring of protection from fire

@: weakened, flying
A: small, no large weapons, nightstalker 3
a: no special abilities


You were on level 4 of the Dungeon.
You visited 1 branch of the dungeon, and saw 4 of its levels.

You collected 176 gold pieces.

Inventory:

Hand Weapons
 a - a +2 dagger
 z - a +0 short sword of electrocution (weapon)
Missiles
 d - 11 poisoned darts (quivered)
 e - 3 curare-tipped darts
Armour
 b - a +0 robe (worn)
 c - a +0 cloak (worn)
 h - a +0 leather armour
 m - a +0 chain mail
 p - a +0 pair of boots (worn)
 D - a +1 pair of gloves of hurling (worn)
Magical Staves
 C - a staff of earth
Jewellery
 g - a ring of flight (left hand)
 B - a ring of protection from fire (right hand)
Scrolls
 i - a scroll of noise {unknown}
 j - a scroll of fog {unknown}
 l - 2 scrolls of vulnerability {unknown}
 n - 2 scrolls of enchant weapon {unknown}
 q - 5 scrolls of identify {unknown}
 r - 3 scrolls of blinking {unknown}
 t - a scroll of amnesia {unknown}
 u - a scroll of immolation {unknown}
 v - 2 scrolls of magic mapping {unknown}
 x - a scroll of torment {unknown}
 y - a scroll of summoning {unknown}
 A - a scroll of silence {unknown}
 E - a scroll of brand weapon {unknown}
Potions
 f - 2 potions of haste {unknown}
 k - 2 potions of heal wounds {unknown}
 o - a potion of curing {unknown}
 s - a potion of attraction {unknown}
 w - a potion of cancellation {unknown}
 F - a potion of degeneration {unknown}


   Skills:
 + Level 3.1 Fighting
 + Level 4.7 Short Blades
 - Level 2.1 Throwing
 + Level 2.7 Dodging
 * Level 10.3 Stealth


You had 6 spell levels left.
You didn't know any spells.
Your spell library was empty.

Dungeon Overview and Level Annotations

Branches:
Dungeon (4/15)
 Temple: D:4-7

Altars:
Ashenzari
Elyvilon
Sif Muna


Innate Abilities, Weirdness & Mutations

You are small and have problems with some larger weapons.
You are completely attuned to the shadows.


Message History

a +0 club; a kobold corpse A gnoll comes into view.
It is wielding a +0 hand axe.
The gnoll shouts! x2; You hear a shout!
The gnoll throws a throwing net.
The throwing net barely misses you. The gnoll hits you but does no damage.
The gnoll attacks as you move away! The gnoll hits you with a +0 hand axe.
The gnoll bouda barks out a call to the hunt!
The gnolls pick up the pace!
The gnoll attacks as you move away! The gnoll hits you with a +0 hand axe.
The gnoll hits you with a +0 hand axe. The gnoll misses you.
You hit the gnoll. Lightning courses through the gnoll!!
You kill the gnoll!
You hit the gnoll.
The gnoll is moderately wounded.
The gnoll misses you.
You closely miss the gnoll.
The gnoll is moderately wounded.
The gnoll hits you with a +0 flail!
You completely miss the gnoll.
The gnoll is moderately wounded.
The gnoll closely misses you.
You hit the gnoll.
The gnoll is moderately wounded.
The gnoll barely misses you.
You closely miss the gnoll.
The gnoll is moderately wounded.
The gnoll hits you with a +0 flail.
You hit the gnoll.
The gnoll is severely wounded.
The gnoll bouda gazes fiercely through you!
You feel your attacks grow feeble.
You closely miss the gnoll bouda. Your punch misses the gnoll bouda.
You hit the gnoll bouda but do no damage.
The gnoll bouda hits you with a +0 whip!
* * * LOW HITPOINT WARNING * * *
The gnoll is no longer moving quickly.
The gnoll bouda attacks as you move away!
The gnoll bouda hits you with a +0 whip!
You die...

###.#..###.#..g..................
.##.#..# #.####.................#
.##.#..# #.####..................
.##.#..###.#........#............
.................................
........(.....#g#...#............
..####.#####..#.#....§..§...†....
..####...###..#g#g..§§§≈≈§≈§≈..##
................@....§..§...≈....
..####.#..##..#.....≈.≈≈≈≈≈.§..#.
#.######..##..#.#...§.≈...≈.≈....
#.............#.....≈..._.≈.§..##
#.######..##..###...≈.≈...≈.≈....
#.# #............§÷≈≈≈≈≈.§....
#.# ##.##..####..§§......≈..##
#.#######.##..####.§§≈≈≈≈≈≈≈≈..##
.................................


You could see a gnoll bouda and 2 gnolls.

Vanquished Creatures
  A phantom (D:4)
  2 scorpions (D:4)
  A vampire bat (D:3)
  An orc priest (D:4)
  3 iguanas
  An orc wizard (D:3)
  3 gnolls
  8 adders
  A worm (D:3)
  3 dart slugs
  8 orcs
  6 ball pythons
  4 endoplasms
  2 giant cockroaches
  7 goblins
  4 hobgoblins
  4 jackals (D:3)
  7 kobolds
  2 quokkas
  10 bats
  3 frilled lizards
  8 rats
89 creatures vanquished.

Vanquished Creatures (others)
  A quokka (D:4)
1 creature vanquished.

Grand Total: 90 creatures vanquished

Notes
Turn   | Place    | Note
-------+----------+-------------------------------------------
     0 | D:1      | jimonade the Kobold Brigand began the quest for the Orb.
     0 | D:1      | Reached XP level 1. HP: 12/12 MP: 1/1
   213 | D:1      | Reached XP level 2. HP: 17/17 MP: 2/2
   248 | D:1      | Reached skill level 6 in Stealth
   645 | D:1      | Reached XP level 3. HP: 13/21 MP: 3/3
   873 | D:1      | Found a faded altar of an unknown god.
  1623 | D:2      | Reached skill level 7 in Stealth
  1670 | D:2      | Reached XP level 4. HP: 26/26 MP: 4/4
  2064 | D:3      | Found a broken altar of Ashenzari.
  2194 | D:3      | Reached XP level 5. HP: 24/31 MP: 5/5
  2389 | D:3      | Reached skill level 8 in Stealth
  3308 | D:3      | Reached XP level 6. HP: 36/36 MP: 6/6
  4352 | D:4      | Reached skill level 9 in Stealth
  4807 | D:4      | Found a shimmering blue altar of Sif Muna.
  4810 | D:4      | Reached XP level 7. HP: 41/41 MP: 7/7
  5067 | D:4      | Found a white marble altar of Elyvilon.
  5143 | D:4      | Reached skill level 10 in Stealth
  5493 | D:4      | Slain by a gnoll bouda

Illustrated notes

Levels and vault maps discovered:
D:1:      beargit_arrival_diablo_church, layout_basic,
          shapermc_ecumenical_altar_gd
D:2:      layout_rooms
D:3:      layout_basic, amcnicky_altar_gilded, roderic_batcave, st_stairs_1
D:4:      layout_basic, elyvilon_altar_4,
          mainiacjoe_overflow_concentric_impassable

Skill      XL: |  1  2  3  4  5  6  7 |
---------------+----------------------+-----
Stealth        | 6 7 8 9 10 | 10.3
Short Blades   | 3 4 |  4.7
Dodging        | 2 |  2.7
Fighting       | 3 |  3.1
Throwing       | |  2.1

Action                   |  1- 3 |  4- 6 |  7- 9 || total
-------------------------+-------+-------+-------++-------
Melee: Dagger            |    59 |   180 |       ||   239
       Punch             |     2 |     4 |       ||     6
       Short sword       |       |    10 |    27 ||    37
 Stab: Sleeping          |    19 |    19 |     4 ||    42
       Distracted        |       |     1 |       ||     1
Armor: Robe              |    12 |    44 |     5 ||    61
Dodge: Dodged            |    34 |   165 |    12 ||   211

Table legend: (Time is in decaauts)
 A = Elapsed time spent in this place.
 B = Non-inter-level travel time spent in this place.
 C = Inter-level travel time spent in this place.
 D = Time resting spent in this place.
 E = Time spent auto-exploring this place.
 F = Levels seen in this place.
 G = Mean time per level.
                   A        B        C        D        E       F      G
               +--------+--------+--------+--------+--------+-----+--------+
         Total |   5451 |   5354 |     97 |    992 |   3253 |   4 | 1362.8 |
       Dungeon |   5451 |   5354 |     97 |    992 |   3253 |   4 | 1362.8 |
               +--------+--------+--------+--------+--------+-----+--------+

Top non-repeatable levels by time:
     D:3: 1917 daAuts
     D:1: 1205 daAuts
     D:4: 1196 daAuts
     D:2: 1132 daAuts
